 Dungeon Crawl Stone Soup version 0.23.2-40-g277498a001 (webtiles) character file.

Game seed: 10823142496898802761

815 Exodus22XD the Conjurer (level 7, -1/36 HPs)
             Began as a Deep Elf Wizard on Sept 4, 2019.
             Slain by an orc priest
             ... wielding a +0 short sword
              (7 damage)
             ... on level 5 of the Dungeon.
             The game lasted 00:14:03 (4501 turns).

Exodus22XD the Conjurer (Deep Elf Wizard)           Turns: 4501, Time: 00:14:05

Health: -1/36      AC:  3    Str:  4    XL:     7   Next: 62%
Magic:  1/15       EV: 13    Int: 25    God:
Gold:   196        SH:  0    Dex: 13    Spells: 3/14 levels left

rFire    . . .     SeeInvis .   j - +0 short sword (venom)
rCold    . . .     Gourm    .   (no shield)
rNeg     . . .     Faith    .   a - +0 robe
rPois    .         Spirit   .   b - +0 hat
rElec    .         Reflect  .   (no cloak)
rCorr    .         Harm     .   r - +0 pair of gloves
MR       .....                  (no boots)
Stlth    ++........             (no amulet)
HPRegen  0.12/turn              (no ring)
MPRegen  0.14/turn              (no ring)

@: no status effects
A: no striking features
a: no special abilities


You were on level 5 of the Dungeon.
You were not hungry.

You visited 1 branch of the dungeon, and saw 5 of its levels.

You collected 196 gold pieces.

Inventory:

Hand Weapons
 j - a +0 short sword of venom (weapon)
Armour
 a - a +0 robe (worn)
 b - a +0 hat (worn)
 r - a +0 pair of gloves (worn)
Wands
 o - a wand of flame (17)
 p - a wand of paralysis (4)
 w - a wand of digging (2)
Scrolls
 f - 3 scrolls of teleportation
 h - a scroll of enchant armour {unknown}
 i - a scroll of enchant weapon {unknown}
 m - 3 scrolls of fear {unknown}
 q - a scroll of amnesia {unknown}
Potions
 c - 3 potions of curing
 g - 2 potions of cancellation
 l - a potion of resistance {unknown}
 n - a potion of lignification {unknown}
 s - a potion of mutation {unknown}
 t - a potion of berserk rage {unknown}
 u - a potion of flight {unknown}
Comestibles
 d - 16 rations


   Skills:
 - Level 2.4 Dodging
 - Level 2.4 Stealth
 - Level 4.4 Spellcasting
 * Level 6.1 Conjurations
 - Level 5.2 Summonings
 - Level 1.1 Translocations
 - Level 4.6 Fire Magic


You had 3 spell levels left.
You knew the following spells:

 Your Spells              Type           Power        Failure   Level  Hunger
a - Magic Dart            Conj           ####         1%          1    None
b - Call Imp              Summ           ####....     1%          2    None
c - Blink                 Tloc           N/A          9%          2    None
d - Conjure Flame         Conj/Fire      ####....     2%          3    ##.....
e - Mephitic Cloud        Conj/Pois/Air  ###.....     12%         3    ##.....

Your spell library contained the following spells:

 Spells                   Type           Power        Failure   Level  Hunger
 Slow                     Hex            #.......     13%         2    None


Dungeon Overview and Level Annotations

Branches:
Dungeon (5/15)
 Temple: D:4-7

Altars:
Okawaru
Trog


Message History

Aiming: Mephitic Cloud (safe; 12% risk of failure)
Press: ? - help, Shift-Dir - straight line, p - orc priest The ball explodes into a vile cloud!
The stinking cloud engulfs the centaur but does no damage.
You hear a shout!
The centaur is engulfed in noxious fumes.
The centaur appears confused.
An orc wizard comes into view. It is wielding a +0 dagger.
A sky beast comes into view.
The orc barely misses you. The orc priest barely misses you.
Aiming: Throw Flame
Press: ? - help, Shift-Dir - straight line, f - orc priest
Aim: an orc priest, wielding a +0 short sword and wearing a +0 ring mail (moderately wounded)
The puff of flame hits the orc priest but does no damage.
The orc priest is moderately wounded.
An orc wizard comes into view. It is wielding a +0 dagger.
The orc hits you but does no damage.
The sky beast flickers out of sight!
Deactivating autopickup; reactivate with Ctrl-A.
The orc priest hits you with a +0 short sword!
You die...

.. . ..............#..
.c#.#.# #........[#..
.#.#.###.........#.. .
.................
#.###.#.#c..........#..
.......#☼#.#....######..
........○°..............
.....###☼#)###.#######..
....o)o@.#.###..........
....o###o#.#.......###.#
... ..#.#.......# #. .
##.#.#.......# #.
#.#.######### #.#.#
#{#.# #.#.# #.#


You could see a centaur (confused), an orc priest, an orc wizard and 2 orcs.

Vanquished Creatures
  Eustachio (D:4)
  An ice beast (D:5)
  A sky beast (D:5)
  A crimson imp (D:5)
  2 orc priests (D:4)
  5 orc wizards
  Natasha (thrice) (D:4)
  Ijyb (D:3)
  An iguana (D:4)
  Robin (D:3)
  2 adders
  2 oozes
  3 dart slugs
  A worm (D:4)
  3 leopard geckos
  18 orcs
  A ball python (D:1)
  5 giant cockroaches
  10 goblins
  6 hobgoblins
  2 jackals (D:4)
  7 kobolds
  2 quokkas
  2 bats (D:1)
  2 frilled lizards (D:2)
  2 rats
85 creatures vanquished.

Notes
Turn   | Place    | Note
-------+----------+-------------------------------------------
     0 | D:1      | Exodus22XD the Deep Elf Wizard began the quest for the Orb.
     0 | D:1      | Reached XP level 1. HP: 10/10 MP: 7/7
   278 | D:1      | Reached skill level 2 in Conjurations
   365 | D:1      | Reached XP level 2. HP: 15/15 MP: 6/9
   729 | D:1      | Reached skill level 3 in Conjurations
  1065 | D:2      | Reached XP level 3. HP: 19/19 MP: 7/10
  1340 | D:2      | Found a bloodstained altar of Trog.
  1685 | D:3      | Noticed Robin
  1687 | D:3      | Reached skill level 4 in Conjurations
  1713 | D:3      | Killed Robin
  1715 | D:3      | Reached XP level 4. HP: 14/24 MP: 0/12
  2002 | D:3      | Noticed Ijyb
  2008 | D:3      | Killed Ijyb
  2338 | D:4      | Learned a level 2 spell: Call Imp
  2341 | D:4      | Learned a level 2 spell: Blink
  2345 | D:4      | Learned a level 3 spell: Conjure Flame
  2349 | D:4      | Learned a level 3 spell: Mephitic Cloud
  2406 | D:4      | Noticed Natasha
  2409 | D:4      | Reached skill level 1 in Fire Magic
  2549 | D:4      | Reached XP level 5. HP: 28/28 MP: 11/13
  2568 | D:4      | Killed Natasha
  2711 | D:4      | Found an iron altar of Okawaru.
  2906 | D:4      | Noticed Natasha
  2911 | D:4      | Killed Natasha
  2940 | D:4      | Reached XP level 6. HP: 30/32 MP: 8/14
  3112 | D:4      | Noticed Natasha
  3118 | D:4      | Killed Natasha
  3280 | D:4      | Noticed Eustachio
  3320 | D:4      | Killed Eustachio
  3747 | D:5      | Entered Level 5 of the Dungeon
  3752 | D:5      | Reached XP level 7. HP: 36/36 MP: 10/15
  3941 | D:5      | Reached skill level 5 in Summonings
  4133 | D:5      | Reached skill level 5 in Conjurations
  4371 | D:5      | Reached skill level 6 in Conjurations
  4501 | D:5      | Slain by an orc priest

Skill      XL: |  1  2  3  4  5  6  7 |
---------------+----------------------+-----
Conjurations   | 2 3 4 6 |  6.1
Fire Magic     | 1 4 |  4.6
Summonings     | 4 5 |  5.2
Dodging        | |  2.4
Stealth        | |  2.4
Spellcasting   | |  4.4
Translocations | |  1.1

Action                   |  1- 3 |  4- 6 |  7- 9 || total
-------------------------+-------+-------+-------++-------
Melee: Short sword       |     4 |     4 |       ||     8
 Cast: Magic Dart        |    76 |    92 |    68 ||   236
       Mephitic Cloud    |       |     3 |     3 ||     6
       Blink             |       |     1 |       ||     1
       Conjure Flame     |       |     1 |     2 ||     3
Evoke: Wand              |       |     9 |     4 ||    13
  Use: Scroll            |       |     4 |       ||     4
       Potion            |       |     1 |       ||     1
  Eat: Chunk             |     2 |     7 |     2 ||    11
Armor: Robe              |     2 |     4 |     3 ||     9
Dodge: Dodged            |     9 |    11 |    13 ||    33
